 Dungeon Crawl Stone Soup version 0.31-a0-981-geadf994542 (webtiles) character file.

Game seed: 15913162199649751069

124 Hooloovoo the Ruffian (level 4, 0/35 HPs)
             Began as a Demigod Shapeshifter on Nov 2, 2023.
             Slain by a cerulean imp
             ... wielding a +1 spear
             ... summoned by Natasha
              (3 damage)
             ... while paralysed by Grinder
             ... on level 3 of the Dungeon.
             The game lasted 00:25:40 (1491 turns).

Hooloovoo the Ruffian (Demigod Shapeshifter)        Turns: 1491, Time: 00:25:43

Health: 0/35       AC:  5    Str: 19    XL:     4   Next: 52%
Magic:  6/6        EV:  2    Int: 12    God:
Gold:   130        SH:  0    Dex: 13    Spells: 3/3 levels left

rFire   . . .        e - +0 war axe
rCold   . . .        (no shield)
rNeg    . . .        p - +0 ring mail
rPois   .            (helmet currently unavailable)
rElec   .            (cloak currently unavailable)
rCorr   .            (gloves currently unavailable)
SInv    .            (boots currently unavailable)
Will    .....        (no amulet)
Stlth   +            (no ring)
HPRegen 0.25/turn    (no ring)
MPRegen 0.10/turn

%: no passive effects
@: paralysed, beast-form
A: beast (slay +1), high MP 1, forlorn, divine attributes
a: Begin Untransformation


You were on level 3 of the Dungeon.
You were a hulking beast.
You visited 1 branch of the dungeon, and saw 3 of its levels.

You collected 130 gold pieces.

Inventory:

Hand Weapons
 e - a +0 war axe (weapon)
 l - a +0 short sword
Armour
 a - a +0 animal skin
 g - a +2 hat
 h - a +0 leather armour
 k - a +0 pair of boots
 p - a +0 ring mail (worn)
 s - a +0 pair of gloves
Talismans
 c - a beast talisman (active)
 d - a flux talisman
Scrolls
 f - 8 scrolls of identify {unknown}
 j - a scroll of amnesia {unknown}
 r - a scroll of butterflies {unknown}
Potions
 b - a potion of lignification
 i - 3 potions of attraction {unknown}
 m - a potion of might {unknown}
 n - 3 potions of curing {unknown}
 o - a potion of haste {unknown}
 q - a potion of ambrosia {unknown}


   Skills:
 + Level 1.5 Fighting
 + Level 0.7 Short Blades
 + Level 0.9 Axes
 + Level 1.1 Armour
 + Level 2.2 Dodging
 + Level 3.4 Unarmed Combat
 + Level 3.2 Shapeshifting


You had 3 spell levels left.
You didn't know any spells.
Your spell library was empty.

Dungeon Overview and Level Annotations

Branches:
Dungeon (3/15)

Shops:
D:3 :

Annotations:
D:3 Grinder, Natasha


Innate Abilities, Weirdness & Mutations

You are a hulking beast.
Your limbs bulge with bestial killing power. (Slay +1)
You have an increased reservoir of magic. (+10% MP)
You shall have no god before yourself.
Your divine heritage dramatically boosts your attributes as you level up.


Message History

You suddenly lose the ability to move!
A rat comes into view.
You can move again.
An adder comes into view.
Grinder gestures at you.
You barely resist.
There is an opulent altar of Gozag here.
A rat is nearby!
Grinder says, "There's only one good use for a tongue: cutting it out."
You hit the rat.
You kill the rat!
Grinder blinks!
Grinder blinks!
Natasha, Servant of Life and Death comes into view.
Natasha hisses angrily.
You slash Natasha!
Natasha is severely wounded.
Natasha claws you! Grinder gestures at you. Pain shoots through your body!
Natasha claws you.
You miss Natasha.
Natasha is severely wounded.
Natasha claws you.
You hit Natasha but do no damage.
Natasha is severely wounded.
Natasha claws you but does no damage.
You closely miss Natasha.
Natasha is severely wounded.
Natasha mumbles some strange words.
Natasha's front paws start to glow.
Natasha barely misses you. Grinder gestures at you.
You suddenly lose the ability to move!
Natasha claws you!
Natasha mumbles some strange words.
Grinder hits you! Natasha casts a spell at you. The magic dart hits you!
* * * LOW HITPOINT WARNING * * *
The cerulean imp hits you from afar with a +1 spear.
You die...

# . ##### .. #.... ########
... #.... .......######....
#.... #..........##+# #####
####.....S....##.# #
#.....###h###.##.# #
#.....#..h.5# ##.#########
#.#....##.#5### #.#.......'
#...5..##.._..# #......####
##....r####.#.# #......##.#
#.....##.....# #...(.....#
##....####.######.........#
#...S. +.....'...........'
....####.....#######.....#
.....# #...5.# #####'#


You could see Grinder, Natasha, a cerulean imp (summoned) and an adder.

Vanquished Creatures
  4 gnolls
  4 adders
  A worm (D:2)
  2 dart slugs
  An orc (D:3)
  7 ball pythons (D:2)
  2 endoplasms (D:1)
  A giant cockroach (D:1)
  2 goblins (D:1)
  A hobgoblin (D:2)
  5 jackals
  5 kobolds
  3 bats
  A frilled lizard (D:1)
  5 rats
44 creatures vanquished.

Notes
Turn   | Place    | Note
-------+----------+-------------------------------------------
     0 | D:1      | Hooloovoo the Demigod Shapeshifter began the quest for the
                  | Orb.
     0 | D:1      | Reached XP level 1. HP: 15/15 MP: 3/3
   261 | D:1      | Reached XP level 2. HP: 22/22 MP: 4/4
   624 | D:2      | Reached skill level 1 in Fighting
   781 | D:2      | Reached XP level 3. HP: 9/28 MP: 5/5
  1037 | D:2      | Reached skill level 1 in Armour
  1037 | D:2      | Reached XP level 4. HP: 23/35 MP: 6/6
  1165 | D:2      | HP: 1/35 [gnoll/+0 spear (6)]
  1408 | D:3      | Found Kuhykez's Book Emporium.
  1459 | D:3      | Noticed Grinder
  1461 | D:3      | Paralysed by Grinder for 3 turns
  1484 | D:3      | Noticed Natasha
  1489 | D:3      | Paralysed by Grinder for 4 turns
  1491 | D:3      | Slain by a cerulean imp

Illustrated notes

Levels and vault maps discovered:
D:1:      eino_arrival_cavern_a, layout_rooms, ebering_ecumenical_altar_webs,
          wad_floor_pattern_untrapped, minmay_misc_feat_rows, minivault_23
D:2:      layout_basic, minmay_shallow_snake_nest
D:3:      layout_basic, nicolae_gozag_cash_rules_everything_around_me,
          serial_shops, shop, shop, nicolae_shop_hallway_plus,
          nicolae_shop_window_shopping, uniq_natasha, uniq_grinder

Skill      XL: |  1  2  3 |
---------------+----------+-----
Unarmed Combat | 3 |  3.4
Shapeshifting  | 3 |  3.2
Fighting       | 1 |  1.5
Dodging        | 2 |  2.2
Armour         | 1 |  1.1
Short Blades   | |  0.7
Axes           | |  0.9

Action                     |  1- 3 |  4- 6 || total
---------------------------+-------+-------++-------
  Melee: Unarmed           |    67 |       ||    67
         Short sword       |    42 |       ||    42
         Punch             |     2 |     1 ||     3
         War axe           |     7 |    48 ||    55
    Use: Scroll            |     1 |       ||     1
 Armour: Animal skin       |    13 |     9 ||    22
         Leather armour    |    53 |    19 ||    72
         Ring mail         |       |    10 ||    10
  Dodge: Dodged            |    79 |    39 ||   118
   Form: Beast             |       |     1 ||     1

Table legend: (Time is in decaauts)
 A = Elapsed time spent in this place.
 B = Non-inter-level travel time spent in this place.
 C = Inter-level travel time spent in this place.
 D = Time resting spent in this place.
 E = Time spent auto-exploring this place.
 F = Levels seen in this place.
 G = Mean time per level.
                   A        B        C        D        E       F      G
               +--------+--------+--------+--------+--------+-----+--------+
         Total |   1513 |    587 |    926 |      0 |      0 |   3 |  504.3 |
       Dungeon |   1513 |    587 |    926 |      0 |      0 |   3 |  504.3 |
               +--------+--------+--------+--------+--------+-----+--------+

Top non-repeatable levels by time:
     D:2: 697 daAuts
     D:1: 671 daAuts
     D:3: 144 daAuts
